 Dungeon Crawl Stone Soup version 0.32-a0-900-g30fb1b0edc (webtiles) character file.

Game seed: 9418141260861147120

21 Pooter the Chopper (level 2, -1/27 HPs)
             Began as a Minotaur Berserker on Apr 5, 2024.
             Was a Follower of Trog.
             Slain by a ribbon worm (7 damage)
             ... on level 2 of the Dungeon.
             The game lasted 00:01:58 (1369 turns).

Pooter the Chopper (Minotaur Berserker)             Turns: 1369, Time: 00:01:59

Health: -1/27      AC:  2    Str: 27    XL:     2   Next: 65%
Magic:  1/1        EV: 11    Int:  4    God:    Trog [*.....]
Gold:   58         SH:  0    Dex:  9    Spells: 1/1 levels left

rFire   . . .        a - +0 hand axe
rCold   . . .        (no shield)
rNeg    . . .        b - +0 animal skin
rPois   .            (helmet restricted)
rElec   .            (no cloak)
rCorr   .            (no gloves)
SInv    .            (no boots)
Will    .....        (no amulet)
Stlth   +            h - +6 ring of strength
HPRegen 0.24/turn    (no ring)
MPRegen 0.07/turn

%: no passive effects
@: no status effects
A: horns 2, retaliatory headbutt
a: Renounce Religion, Berserk


You were on level 2 of the Dungeon.
You worshipped Trog.
Trog was aware of your devotion.
You visited 1 branch of the dungeon, and saw 2 of its levels.

You collected 58 gold pieces.

Inventory:

Hand Weapons
 a - a +0 hand axe (weapon)
Missiles
 Q - 4 stones (quivered)
Armour
 b - a +0 animal skin (worn)
Jewellery
 h - a +6 ring of strength (left hand)
   (You found it on level 1 of the Dungeon)
Scrolls
 c - a scroll of enchant armour {unknown}
 d - a scroll of identify {unknown}
 e - a scroll of noise {unknown}
 f - a scroll of fog {unknown}
 g - a scroll of summoning {unknown}
 i - a scroll of teleportation {unknown}


   Skills:
 + Level 3.9 Fighting
 * Level 4.1 Axes
 * Level 1.3 Throwing
 - Level 2.4 Armour
 - Level 2.1 Dodging


You had one spell level left.
You didn't know any spells.
Your spell library was empty.

Dungeon Overview and Level Annotations

Branches:
Dungeon (2/15) Zot: 10611

Altars:


Innate Abilities, Weirdness & Mutations

You have a pair of horns on your head.
You reflexively headbutt those who attack you in melee.


Message History

There is a stone staircase leading down here.
Done exploring.
There is a stone staircase leading down here.
You climb downwards.
There is a stone staircase leading up here.
Found a stone staircase leading down.
The endoplasm hits you.
You hit the endoplasm but do no damage. The endoplasm closely misses you.
You hit the endoplasm but do no damage. The endoplasm freezes you.
You are frozen.
You slash the endoplasm!
You kill the endoplasm!
Trog accepts your kill.
No target in view!
A ribbon worm comes into view.
You barely miss the ribbon worm. The ribbon worm bites you!
You slash the ribbon worm! The ribbon worm bites you.
You are too injured to fight recklessly!
You are too injured to fight recklessly!
You are too injured to fight recklessly!
You slash the ribbon worm!
You kill the ribbon worm!
Trog accepts your kill.
You see here a ribbon worm corpse.
You start resting.
You start waiting.
Done waiting.
Found a robe.
A ribbon worm comes into view.
The ribbon worm expels a string of sticky webbing.
The stream of webbing hits you but does no damage.
You are caught in a web!
There is a web here.
You struggle to detach yourself from the web.
The web tears apart.
You hit the ribbon worm. You headbutt the ribbon worm.
The ribbon worm bites you.
You hit the ribbon worm. Your headbutt misses the ribbon worm.
The ribbon worm bites you.
You barely miss the ribbon worm. The ribbon worm bites you!
* * * LOW HITPOINT WARNING * * *
You hit the ribbon worm. The ribbon worm bites you.
* * * LOW HITPOINT WARNING * * *
Unknown command.
You hit the ribbon worm.
The ribbon worm expels a string of sticky webbing.
The stream of webbing hits you but does no damage.
You are caught in a web!
The web tears apart.
The ribbon worm bites you!
You die...

######..#######.#####.###
.................# #.#
#..###.....####..# #.#
.......##### #..# #.#
....##.# #†.# #.#
#......########..# #.#
#...##...........# ###
#......#.######..#
##....##.# #.@# ....#.# #
#..w[# ....#.# ....#.#
....#.# ######.# ##..#.#
. #.... ## ##.#.# . .#.#
ß.#.. #


You could see a ribbon worm (catching breath).

Vanquished Creatures
  A ribbon worm (D:2)
  2 endoplasms
  A hobgoblin (D:1)
  2 jackals (D:1)
  A quokka (D:1)
  2 ball pythons (D:1)
  2 bats (D:1)
  2 frilled lizards (D:1)
  3 goblins (D:1)
  2 kobolds (D:1)
18 creatures vanquished.

Notes
Turn   | Place    | Note
-------+----------+-------------------------------------------
     0 | D:1      | Pooter the Minotaur Berserker began the quest for the Orb.
     0 | D:1      | Reached XP level 1. HP: 19/19 MP: 0/0
   400 | D:1      | Reached skill level 4 in Axes
   400 | D:1      | Reached skill level 1 in Throwing
   400 | D:1      | Reached XP level 2. HP: 22/27 MP: 1/1
  1369 | D:2      | Slain by a ribbon worm

Illustrated notes

Levels and vault maps discovered:
D:1:      ncdulo_wetmaze, layout_basic, serial_co_window_serial,
          co_window_corner_a, co_window_corner_a, co_window_corner_a,
          co_window_of_opportunity_a, co_window_paths_b,
          co_window_of_opportunity_a, co_window_of_opportunity_b,
          co_window_broadway_b, co_window_unsneaky_path_d, co_window_corner_ca,
          co_window_cross_2, co_window_4corner_b, glass_columns_c,
          glass_columns_b, hangedman_abyss_or_decor_stabs
D:2:      layout_basic, serial_shops, shop, basic_altar,
          nicolae_elevator_lobby_asterisk

Skill      XL: |  1 |
---------------+----+-----
Axes           | 4 |  4.1
Throwing       | 1 |  1.3
Fighting       | |  3.9
Armour         | |  2.4
Dodging        | |  2.1

Action                     || total
---------------------------++-------
  Melee: Hand axe          ||    36
         Headbutt          ||     4
 Invoke: Berserk           ||     1
 Armour: Animal skin       ||    22
  Dodge: Dodged            ||    22

Table legend: (Time is in decaauts)
 A = Elapsed time spent in this place.
 B = Non-inter-level travel time spent in this place.
 C = Inter-level travel time spent in this place.
 D = Time resting spent in this place.
 E = Time spent auto-exploring this place.
 F = Levels seen in this place.
 G = Mean time per level.
                   A        B        C        D        E       F      G
               +--------+--------+--------+--------+--------+-----+--------+
         Total |   1387 |   1364 |     23 |    195 |   1051 |   2 |  693.5 |
       Dungeon |   1387 |   1364 |     23 |    195 |   1051 |   2 |  693.5 |
               +--------+--------+--------+--------+--------+-----+--------+

Top non-repeatable levels by time:
     D:1: 1142 daAuts
     D:2: 244 daAuts
